 Dungeon Crawl Stone Soup version 0.30.1-3-gfc49f6343a (webtiles) character file.

Game seed: 8752126905443859621

22731 Peloso the Fencer (level 12, -7/111 HPs)
             Began as a Minotaur Fighter on Aug 5, 2023.
             Was a High Priest of Okawaru.
             Mangled by a six-headed hydra (8 damage)
             ... on level 2 of the Lair of Beasts.
             The game lasted 00:28:14 (13244 turns).

Peloso the Fencer (Minotaur Fighter)               Turns: 13244, Time: 00:28:15

Health: -7/111     AC: 16    Str: 31    XL:     12   Next: 65%
Magic:  2/2        EV: 16    Int:  7    God:    Okawaru [*****.]
Gold:   514        SH:  8    Dex: 13    Spells: 11/11 levels left

rFire   + + .        b - +3 scimitar (flame)
rCold   . . .        d - +2 buckler {reflect}
rNeg    . . .        O - +0 chain mail of Peek-a-Boo {Str+2 Int+2 SInv}
rPois   .            (helmet restricted)
rElec   .            (no cloak)
rCorr   +            U - +1 pair of gloves of Hangman {rF++ rCorr MP-9 SInv}
SInv    +            J - +0 pair of boots
Will    .....        R - amulet of regeneration Stlth
                     j - +6 ring of strength
HPRegen 1.18/turn    n - +5 ring of evasion
MPRegen 0.08/turn

%: reflection
@: lethally poisoned (-7 -> -8), hasted, very quick
A: horns 2, retaliatory headbutt
a: Renounce Religion, Heroism, Finesse, Duel


You were on level 2 of the Lair of Beasts.
You worshipped Okawaru.
Okawaru was extremely pleased with you.
You visited 3 branches of the dungeon, and saw 16 of its levels.

You collected 746 gold pieces.
You spent 232 gold pieces at shops.

Inventory:

Hand Weapons
 a - the +9 falchion of Cocytus {venom, rN+}
   (You bought it in a shop on level 4 of the Dungeon)

   rN:        It protects you from negative energy.
 b - a +3 scimitar of flaming (weapon)
 c - a +0 long sword
Armour
 d - a +2 buckler of reflection (worn)
 h - a +0 chain mail of poison resistance
 J - a +0 pair of boots (worn)
 O - the +0 chain mail of Peek-a-Boo (worn) {Str+2 Int+2 SInv}
   (Okawaru gifted it to you on level 8 of the Dungeon)

   Str:       It affects your strength (+2).
   Int:       It affects your intelligence (+2).
   SInv:      It lets you see invisible.
 U - the +1 pair of gloves of Hangman (worn) {rF++ rCorr MP-9 SInv}
   (Okawaru gifted it to you on level 1 of the Lair of Beasts)

   rF:        It greatly protects you from fire.
   MP:        It affects your magic capacity (-9).
   SInv:      It lets you see invisible.
   rCorr:     It protects you from acid and corrosion.
Jewellery
 g - an amulet of guardian spirit
 j - a +6 ring of strength (left hand)
 k - an amulet of the acrobat
 n - a +5 ring of evasion (right hand)
 o - a ring of wizardry
 r - a +6 ring of intelligence
 v - an amulet of faith
 x - a ring of willpower
 A - a ring of willpower
 G - a ring of resist corrosion
 R - an amulet of regeneration (around neck)
Wands
 z - a wand of flame (26)
 F - a wand of mindburst (18)
 T - a wand of iceblast (5)
Scrolls
 i - 2 scrolls of immolation
 m - 4 scrolls of teleportation
 q - 2 scrolls of noise
 u - 2 scrolls of enchant weapon
 w - 2 scrolls of enchant armour
 y - 3 scrolls of magic mapping
 D - 3 scrolls of fog
 E - a scroll of poison
 L - a scroll of brand weapon
 N - a scroll of silence
 P - 2 scrolls of identify
 S - a scroll of butterflies {unknown}
 V - a scroll of blinking {unknown}
Potions
 e - 5 potions of curing
 f - 7 potions of might
 l - 2 potions of mutation
 p - 2 potions of lignification
 s - a potion of flight
 t - 2 potions of heal wounds
 B - 3 potions of magic
 M - 2 potions of brilliance
Miscellaneous
 Q - a phantom mirror


   Skills:
 + Level 11.6 Fighting
 + Level 15.7 Long Blades
 + Level 13.1 Armour
 + Level 3.5 Dodging
 + Level 2.2 Stealth
 + Level 10.3 Shields
 + Level 1.0 Invocations
 + Level 1.4 Evocations


You had 11 spell levels left.
You didn't know any spells.
Your spell library contained the following spells:

 Spells                   Type           Power      Damage    Failure   Level
 Apportation              Tloc           0%         N/A       83%         1
 Freeze                   Ice            0%         1d3       83%         1
 Poisonous Vapours        Pois/Air       0%         N/A       92%         2
 Frozen Ramparts          Ice            0%         1d1       99%         3
 Hailstorm                Conj/Ice       0%         3d3       99%         3
 Inner Flame              Hex/Fire       0%         N/A       99%         3
 Mephitic Cloud           Conj/Pois/Air  0%         N/A       99%         3
 Stone Arrow              Conj/Erth      0%         3d7       99%         3
 Flame Wave               Conj/Fire      0%         2d4       100%        4
 Passage of Golubria      Tloc           0%         N/A       100%        4
 Sticky Flame             Conj/Fire      0%         2d3       100%        4
 Alistair's Intoxication  Tmut/Pois      0%         N/A       100%        5
 Freezing Cloud           Conj/Ice/Air   0%         6-21      100%        5
 Yara's Violent Unravell  Hex/Tmut       0%         3d3       100%        5
 Ozocubu's Refrigeration  Ice            0%         4d7       100%        7
 Lehudib's Crystal Spear  Conj/Erth      0%         10d2      100%        8
 Polar Vortex             Ice            0%         N/A       100%        9
 Tukima's Dance           Hex            Unusable   N/A       N/A         3
 Animate Armour           Summ/Erth      Unusable   N/A       N/A         4
 Simulacrum               Ice/Necr       Unusable   N/A       N/A         6

Dungeon Overview and Level Annotations

Branches:
Dungeon (13/15)            Temple (1/1) D:5            Lair (2/5) D:8
    Orc (0/2) D:9
  Swamp: Lair:2-3    Shoals: Lair:2-3     Snake: Lair:2-3    Spider: Lair:2-3
 Vaults: D:13-14

Altars:
Cheibriados
Dithmenos
Elyvilon
Fedhas
Gozag
Hepliaklqana
Makhleb
Nemelex Xobeh
Okawaru
Ru
Trog
Vehumet
Wu Jian
Yredelemnul
Zin

Shops:
D:2 =   D:4 =(**(   D:9 [   D:10 (   D:11 ?

Annotations:
D:2 1 runed translucent door, Crazy Yiuf
D:6 3 runed translucent doors, dondy's ghost, novice HOMo


Innate Abilities, Weirdness & Mutations

You have a pair of horns on your head.
You reflexively headbutt those who attack you in melee.


Message History

The seven-headed hydra bites you.
* * * LOW HITPOINT WARNING * * *
The seven-headed hydra misses you.
The seven-headed hydra barely misses you.
The seven-headed hydra bites you but does no damage.
You block the seven-headed hydra's attack.
The seven-headed hydra bites you.
* * * LOW HITPOINT WARNING * * *
You hack one of the seven-headed hydra's heads off!
The flame cauterises the wound!
You slash the six-headed hydra! You burn the six-headed hydra.
You headbutt the six-headed hydra!
The six-headed hydra is moderately wounded.
You feel sick.
Unknown command.
As you read the scroll of fear, it crumbles to dust.
You assume a fearsome visage.
The six-headed hydra resists with some effort.
You feel sick.
You block the six-headed hydra's attack.
The six-headed hydra bites you.
* * * LOW HITPOINT WARNING * * *
The six-headed hydra misses you. The six-headed hydra bites you!
* * * LOW HITPOINT WARNING * * *
The six-headed hydra completely misses you.
The six-headed hydra barely misses you.
You feel much better.
You feel sick. The six-headed hydra misses you. You furiously retaliate!
You headbutt the six-headed hydra. The six-headed hydra bites you.
* * * LOW HITPOINT WARNING * * *
The six-headed hydra closely misses you.
The six-headed hydra bites you!
* * * LOW HITPOINT WARNING * * *
The six-headed hydra bites you.
* * * LOW HITPOINT WARNING * * *
The six-headed hydra misses you.
You feel yourself speed up.
You feel sick. The six-headed hydra bites you!
* * * LOW HITPOINT WARNING * * *
The six-headed hydra misses you. The six-headed hydra barely misses you.
The six-headed hydra bites you!
You die...

..P#... ..#..
....... ..#. .P#
.......#... ...#
.P.!.....##..#
#....P..P...###
#.............. ..
#....D...#.....
##..#....@#..#..#
#...#....#...P..#
##...#..........#
#........##..#..#
#..............#
#.......#...#..#
###........#.....#
#.....†.<.##!.....#
#.#.......##.....#.#


You could see a six-headed hydra.

Vanquished Creatures
  Erica (D:8)
  A centaur warrior (D:13)
  7 two-headed ogres
  A tengu warrior (D:8)
  A shadow wraith (D:13)
  A harpy (shapeshifter) (D:13)
  A deep elf pyromancer (D:10)
  A lindwurm (D:13)
  A manticore (D:12)
  An ugly thing (D:11)
  2 gargoyles
  Joseph (D:8)
  2 black mambas
  2 cane toads
  Psyche (D:8)
  An unseen horror (D:8)
  3 komodo dragons
  A troll (D:13)
  A hornet (D:10)
  2 shadows
  Eustachio (D:5)
  A wraith (D:12)
  2 basilisks (Lair:1)
  24 yaks
  Menkaure (D:5)
  5 steam dragons
  7 water moccasins
  6 orc warriors
  3 sky beasts
  An ice beast (D:8)
  3 black bears
  8 centaurs
  3 kobold brigands (D:8)
  6 bullfrogs
  A gnoll sergeant (D:6)
  A scorpion (D:5)
  5 wights
  12 killer bees
  A howler monkey (D:9)
  4 electric eels (D:9)
  3 hounds
  3 jellies
  7 orc priests
  5 gnoll boudas
  A sleepcap (D:8)
  Ijyb (D:5)
  2 iguanas (D:8)
  12 orc wizards
  Robin (D:2)
  23 gnolls
  4 adders
  2 shadow imps (D:8)
  A white imp (D:8)
  2 worms (D:4)
  4 dart slugs
  51 orcs
  6 ball pythons
  6 bats
  8 endoplasms
  3 giant cockroaches
  11 goblins
  11 hobgoblins
  9 jackals
  5 quokkas
  6 frilled lizards
  10 kobolds
  4 rats
328 creatures vanquished.

Vanquished Creatures (others)
  An orc wizard (D:9)
  A gnoll (D:7)
2 creatures vanquished.

Grand Total: 330 creatures vanquished

Notes
Turn   | Place    | Note
-------+----------+-------------------------------------------
     0 | D:1      | Peloso the Minotaur Fighter began the quest for the Orb.
     0 | D:1      | Reached XP level 1. HP: 19/19 MP: 0/0
    96 | D:1      | Reached XP level 2. HP: 18/27 MP: 1/1
   548 | D:1      | Found a faded altar of an unknown god.
   648 | D:1      | Reached XP level 3. HP: 33/33 MP: 2/2
   692 | D:1      | Found a white marble altar of Elyvilon.
  1167 | D:2      | Noticed Robin
  1176 | D:2      | Reached skill level 3 in Long Blades
  1187 | D:2      | Killed Robin
  1327 | D:2      | Reached XP level 4. HP: 41/41 MP: 3/3
  1570 | D:2      | Found Feeps's Jewellery Shop.
  1893 | D:2      | Found a runed translucent door.
  1894 | D:2      | Noticed Crazy Yiuf
  2221 | D:3      | Found a glowing silver altar of Zin.
  2533 | D:3      | Reached skill level 4 in Long Blades
  3397 | D:4      | Found Docheamn's General Store.
  3423 | D:4      | Bought a scroll of noise for 13 gold pieces
  3440 | D:4      | Found Etrous's Weapon Boutique.
  3440 | D:4      | Noticed a +0 bardiche
  3442 | D:4      | Noticed a +0 executioner's axe
  3465 | D:4      | Noticed a black bear
  3477 | D:4      | Killed a black bear
  3478 | D:4      | Reached skill level 5 in Armour
  3478 | D:4      | Reached XP level 5. HP: 39/47 MP: 4/4
  3631 | D:4      | Reached XP level 6. HP: 50/55 MP: 5/5
  3737 | D:4      | Found Rotuky's Assorted Antiques.
  3755 | D:4      | Reached skill level 5 in Long Blades
  3784 | D:4      | Bought a red potion for 20 gold pieces
  3784 | D:4      | Bought a scroll labelled KIELASKOCSE for 23 gold pieces
  3810 | D:4      | Found Eluricra's Antique Weapon Shop.
  4003 | D:4      | Found Sisorphit's Jewellery Shoppe.
  4097 | D:5      | Entered Level 5 of the Dungeon
  4123 | D:5      | Reached skill level 5 in Fighting
  4186 | D:5      | Found a bloodstained altar of Trog.
  4186 | D:5      | Found a snail-covered altar of Cheibriados.
  4186 | D:5      | Found a hazy altar of Hepliaklqana.
  4199 | D:5      | Found a blossoming altar of Fedhas.
  4201 | D:5      | Found a shadowy altar of Dithmenos.
  4220 | D:5      | Noticed Eustachio
  4275 | D:5      | Noticed Ijyb
  4288 | D:4      | Reached XP level 7. HP: 56/61 MP: 6/6
  4322 | D:5      | Killed Ijyb
  4323 | D:5      | Reached skill level 6 in Long Blades
  4462 | D:5      | Noticed Menkaure
  4473 | D:5      | Killed Menkaure
  4704 | D:5      | Killed Eustachio
  4705 | D:5      | Reached skill level 7 in Long Blades
  4705 | D:5      | Reached skill level 5 in Shields
  4741 | D:5      | Found a staircase to the Ecumenical Temple.
  4761 | Temple   | Entered the Ecumenical Temple
  4791 | Temple   | Became a worshipper of Warmaster Okawaru
  5093 | D:4      | Bought an ancient falchion for 176 gold pieces
  5093 | D:4      | Identified the +9 falchion of Cocytus {venom, rN+} (You
                  | bought it in a shop on level 4 of the Dungeon)
  5142 | D:6      | Found a runed translucent gate.
  5142 | D:6      | Found a runed translucent gate.
  5142 | D:6      | Found an opulent altar of Gozag.
  5142 | D:6      | Found a runed translucent gate.
  5145 | D:6      | Noticed a two-headed ogre
  5146 | D:6      | Noticed dondy's ghost (novice HOMo)
  5548 | D:6      | Reached XP level 8. HP: 68/69 MP: 7/7
  5615 | D:6      | Found a radiant altar of Vehumet.
  6141 | D:7      | Reached skill level 8 in Long Blades
  6769 | D:7      | Reached * piety under Okawaru
  6770 | D:7      | Reached skill level 9 in Long Blades
  7189 | D:8      | Noticed Joseph
  7211 | D:8      | Killed Joseph
  7212 | D:8      | Reached XP level 9. HP: 60/78 MP: 8/8
  7280 | D:8      | Found a sacrificial altar of Ru.
  7303 | D:8      | Reached ** piety under Okawaru
  7529 | D:8      | Reached skill level 10 in Long Blades
  7607 | D:8      | Reached *** piety under Okawaru
  7613 | D:8      | Reached skill level 10 in Armour
  7659 | D:8      | Reached skill level 11 in Long Blades
  7756 | D:8      | Found a staircase to the Lair.
  7833 | D:8      | Noticed a komodo dragon
  7840 | D:8      | Killed a komodo dragon
  7841 | D:8      | Reached XP level 10. HP: 88/88 MP: 9/9
  7882 | D:8      | Noticed a two-headed ogre
  7890 | D:8      | Killed a two-headed ogre
  7890 | D:8      | Reached **** piety under Okawaru
  8132 | D:8      | Noticed Psyche
  8136 | D:8      | Killed Psyche
  8174 | D:8      | Noticed a two-headed ogre
  8197 | D:8      | Killed a two-headed ogre
  8198 | D:8      | Reached skill level 1 in Dodging
  8321 | D:8      | Reached skill level 12 in Long Blades
  8333 | D:8      | Noticed Erica
  8341 | D:8      | Reached skill level 1 in Stealth
  8347 | D:8      | Killed Erica
  8408 | D:8      | Noticed a tengu warrior
  8414 | D:8      | Killed a tengu warrior
  8414 | D:8      | Reached ***** piety under Okawaru
  8425 | D:8      | Identified the +0 chain mail of Peek-a-Boo {Str+2 Int+2
                  | SInv} (Okawaru gifted it to you on level 8 of the Dungeon)
  8425 | D:8      | Received a gift from Okawaru
  8569 | D:8      | Identified the +0 helmet of the Seven Lives {Will+ Int+3}
  8676 | D:8      | Reached skill level 13 in Long Blades
  8699 | D:8      | Reached XP level 11. HP: 80/97 MP: 10/10
  9101 | D:9      | Found Gylelamm's Antique Armour Shoppe.
  9145 | D:9      | Found a sparkling altar of Nemelex Xobeh.
  9178 | D:9      | Noticed a two-headed ogre
  9184 | D:9      | Killed a two-headed ogre
 10121 | D:9      | Found a staircase to the Orcish Mines.
 10190 | D:10     | Entered Level 10 of the Dungeon
 10472 | D:10     | Noticed a two-headed ogre
 10472 | D:10     | Noticed a deep elf pyromancer
 10475 | D:10     | Killed a deep elf pyromancer
 10484 | D:10     | Killed a two-headed ogre
 10485 | D:10     | Reached skill level 14 in Long Blades
 10572 | D:10     | Reached skill level 1 in Evocations
 10593 | D:10     | Reached skill level 10 in Fighting
 10614 | D:10     | You fall into a shaft and drop 3 floors!
 10631 | D:13     | Noticed a harpy
 10635 | D:13     | Killed a harpy
 10651 | D:13     | Noticed a shadow wraith
 10665 | D:13     | Killed a shadow wraith
 10665 | D:13     | Received a gift from Okawaru
 10671 | D:13     | Noticed a lindwurm
 10671 | D:13     | Noticed a centaur warrior
 10684 | D:13     | Killed a lindwurm
 10690 | D:13     | Killed a centaur warrior
 10816 | D:11     | Noticed a two-headed ogre
 10829 | D:12     | Killed a two-headed ogre
 10830 | D:12     | Reached XP level 12. HP: 95/107 MP: 11/11
 10879 | D:12     | Reached skill level 15 in Long Blades
 10941 | D:11     | Noticed a two-headed ogre
 10947 | D:11     | Killed a two-headed ogre
 11029 | D:11     | Noticed a two-headed ogre
 11034 | D:11     | Killed a two-headed ogre
 11035 | D:11     | Reached skill level 1 in Invocations
 11282 | D:10     | Found Caaxoruh's Weapon Boutique.
 11974 | D:11     | Found Opee's Magic Scroll Emporium.
 12203 | Lair:1   | Entered Level 1 of the Lair of Beasts
 12499 | Lair:1   | Identified the +1 pair of gloves of Hangman {rF++ rCorr
                  | MP-9 SInv} (Okawaru gifted it to you on level 1 of the Lair
                  | of Beasts)
 12499 | Lair:1   | Received a gift from Okawaru
 12537 | Lair:1   | Reached skill level 10 in Shields
 13227 | Lair:2   | Noticed an eight-headed hydra
 13242 | Lair:2   | HP: 5/111 [six-headed hydra (9)]
 13244 | Lair:2   | HP: 1/111 [six-headed hydra (8)]
 13244 | Lair:2   | Mangled by a six-headed hydra

Illustrated notes

Levels and vault maps discovered:
D:1:      dpeg_arrival_lava_altar, layout_loops_corners, basic_ecumenical_altar,
          chequers_big_river
D:2:      layout_basic, serial_shops, shop, minmay_cut_off,
          uniq_crazy_yiuf_cottage, uniq_robin
D:3:      layout_basic, mainiacjoe_overflow_cross_hatched
D:4:      layout_basic, serial_shops, shop_fountains, nicolae_shop_trees,
          nicolae_shop_mannequins, kennysheep_little_box,
          nicolae_shop_tiny_glass
D:5:      layout_rooms, grunt_temple_overflow_open, temple_pool_b,
          corexii_corridor_pit, uniq_menkaure, uniq_eustachio, uniq_ijyb
D:6:      layout_loops_ring, kennysheep_mini, ebering_ghost_gozag
D:7:      layout_layer_cave, abandoned_shop
D:8:      nzn_winding_woodlands_stair_cross
          [nzn_winding_woodlands_5x15_sawtooth,
          nzn_winding_woodlands_center_diamonds,
          nzn_winding_woodlands_5x15_parted, nzn_winding_woodlands_hourglass,
          nzn_winding_woodlands_5x5_three, nzn_winding_woodlands_5x15_crooked,
          nzn_winding_woodlands_center_garden,
          nzn_winding_woodlands_5x15_default], layout_basic,
          nicolae_overflow_hidden_temple, minmay_lizard_king, uniq_joseph,
          uniq_psyche, uniq_erica
D:9:      layout_stronghold, kennysheep_mini_moat, erik_orc_2, serial_shops,
          nicolae_inconvenience_store
D:10:     layout_cave_pods, serial_shops, shop, corexii_checkpoint_a,
          st_stairs_6
D:11:     layout_long_grid, serial_shops, nicolae_shop_rolled_up,
          minmay_statues_item
D:12:     layout_layer_cave, hangedman_decor_riveting, kennysheep_orc_sif_temple
D:13:     layout_roguey, david_vaults_4, fedhas_bush_and_centaur_altar
Temple:   oiseaux_autumnal_temple
Lair:1:   layout_cave_pods, beast_lair_carwin_7, infiniplex_staircase_pool_2
Lair:2:   layout_long_grid, minmay_swamp_entry_wisps

Skill      XL: |  1  2  3  4  5  6  7  8  9 10 11 12 |
---------------+-------------------------------------+-----
Armour         | 4 5 6 7 8 10 11 12 13 | 13.1
Fighting       | 4 5 6 7 9 10 11 | 11.6
Shields        | 4 5 6 7 9 10 | 10.3
Long Blades    | 3 4 5 7 9 11 13 14 15 | 15.7
Dodging        | 1 2 3 |  3.5
Stealth        | 1 2 |  2.2
Evocations     | 1 |  1.4
Invocations    | 1 |  1.0

Action                     |  1- 3 |  4- 6 |  7- 9 | 10-12 || total
---------------------------+-------+-------+-------+-------++-------
  Melee: Long sword        |   104 |   154 |    52 |       ||   310
         Headbutt          |    11 |    30 |    36 |   111 ||   188
         Falchion          |       |       |   150 |   447 ||   597
         Scimitar          |       |       |       |     6 ||     6
 Invoke: Heroism           |       |       |       |     3 ||     3
  Evoke: Wand              |       |       |       |    11 ||    11
    Use: Potion            |     5 |       |       |     2 ||     7
         Scroll            |     4 |     1 |     3 |    12 ||    20
   Stab: Distracted        |       |       |       |     1 ||     1
 Armour: Scale mail        |    30 |       |       |       ||    30
         Chain mail        |    46 |       |       |    84 ||   130
         Plate armour      |       |    94 |    73 |    10 ||   177
  Dodge: Dodged            |    49 |    47 |   181 |   204 ||   481
  Block: Buckler           |    18 |    37 |    64 |   143 ||   262
         Reflection        |       |       |       |    11 ||    11
